 Dungeon Sprint DCSS version 0.32-a0-666-ge8a88695a4 (webtiles) character file.

Game seed: 15836919018368099099

16 rocky1 the Covered (level 2, -1/27 HPs)
             Began as a Mountain Dwarf Fighter on Mar 10, 2024.
             Was an Initiate of Gozag.
             Killed by nerve-wracking pain
             ... invoked by Jessica
              (19 damage)
             ... in the Dungeon (Sprint VII: "The Pits").
             The game lasted 00:00:43 (353 turns).

rocky1 the Covered (Mountain Dwarf Fighter)          Turns: 353, Time: 00:00:43

Health: -1/27      AC:  7    Str: 18    XL:     2   Next: 41%
Magic:  2/2        EV:  9    Int:  8    God:    Gozag
Gold:   288        SH:  4    Dex:  9    Spells: 1/1 levels left

rFire   . . .        a - +0 flail
rCold   . . .        c - +0 buckler
rNeg    . . .        b - +0 scale mail
rPois   .            (no helmet)
rElec   .            (no cloak)
rCorr   .            (no gloves)
SInv    .            (no boots)
Will    .....        (no amulet) Stlth
                     (no ring)
HPRegen 0.24/turn    (no ring)
MPRegen 0.08/turn

%: no teleportation
@: fragile (+50% incoming damage)
A: runic magic, artefact enchanting
a: Renounce Religion, Potion Petition, Call Merchant, Bribe Branch


You were in the Dungeon.
You worshipped Gozag.
Gozag was aware of your devotion.
You visited 1 branch You collected 288 gold pieces.

Inventory:

Hand Weapons
 a - a +0 flail (weapon)
Armour
 b - a +0 scale mail (worn)
 c - a +0 buckler (worn)
Scrolls
 j - a scroll of blinking
 l - 2 scrolls of vulnerability
 m - 5 scrolls of amnesia
 n - a scroll of butterflies
Potions
 d - a potion of might
 e - a potion of curing
 f - a potion of heal wounds
 g - a potion of haste
 h - 4 potions of magic
 i - 3 potions of berserk rage
 k - 2 potions of invisibility


   Skills:
 + Level 4.1 Fighting
 + Level 3.5 Maces & Flails
 + Level 4.6 Armour
 + Level 0.1 Dodging
 + Level 0.1 Stealth
 + Level 4.1 Shields


You had one spell level left.
You didn't know any spells.
Your spell library was empty.

Dungeon Overview and Level Annotations

Branches:
Dungeon (1/1)

Altars:
Ashenzari
Cheibriados
Dithmenos
Elyvilon
Fedhas
Gozag
Hepliaklqana
Kikubaaqudgha
Makhleb
Nemelex Xobeh
Okawaru
Qazlal
Ru
Sif Muna
Trog
Uskayaw
Vehumet
Wu Jian
Xom
Yredelemnul
Zin
The Shining One
Beogh
Jiyva
Lugonu

Annotations:
D Jessica


Innate Abilities, Weirdness & Mutations

Your spellcasting is much less encumbered by armour.
You can use scrolls of enchantment on lesser artefacts.


Message History

The glass eye gazes at you.
You feel your fragility will last longer.
You barely miss the glass eye.
The glass eye is heavily wounded.
Jessica casts a spell.
Jessica seems to speed up.
The glass eye gazes at you.
You feel your fragility will last longer.
You barely miss the glass eye.
The glass eye is heavily wounded.
Jessica mumbles some strange words.
Jessica blinks!
You hit the glass eye.
The glass eye is severely wounded.
The glass eye gazes at you.
You feel your fragility will last longer.
You thump the glass eye!
The glass eye is almost dead.
The glass eye gazes at you.
You feel your fragility will last longer.
You barely miss the glass eye.
The glass eye is almost dead.
Jessica casts a spell.
Jessica blinks!
Jessica closely misses you. The glass eye gazes at you.
You feel your fragility will last longer.
You hit the glass eye.
The glass eye is almost dead.
Jessica hits you with a +3 club. x2
You hit the glass eye.
The glass eye is almost dead.
Jessica barely misses you. The glass eye gazes at you.
You feel your fragility will last longer.
Jessica looks very angry.
Jessica gestures at you while chanting. Pain shoots through your body!
Ouch! That really hurt!
You die...
Your body crumbles into a pile of gold.

#_________.#
#_______...###########++
##########'##...........
#..(.')))'.##......#..#.
##########.##...........
#........†..'...........
#+#####'#####......#..#.
#..#...@.##...........
#..#...#@#####'#####++
#..#####G##.......#
#..'...#§##.......#
#..'...).##.......#
#..########...<...# #..
#.......# #.. #.......#
### #.......# #########


You could see a glass eye and Jessica (fast).

Vanquished Creatures
  A gnoll (D)
  A bat (D)
  An endoplasm (D)
  A giant cockroach (D)
  A quokka (D)
  A kobold (D)
  A rat (D)
7 creatures vanquished.

Notes
Turn   | Place    | Note
-------+----------+-------------------------------------------
     0 | D        | rocky1 the Mountain Dwarf Fighter began the quest for the
                  | Orb.
     0 | D        | Reached XP level 1. HP: 19/19 MP: 1/1
    41 | D        | Found a bloodstained altar of Trog.
    41 | D        | Found a shimmering blue altar of Sif Muna.
    41 | D        | Found a viscous altar of Jiyva.
    41 | D        | Found a hazy altar of Hepliaklqana.
    41 | D        | Found an opulent altar of Gozag.
    42 | D        | Found a glowing golden altar of the Shining One.
    42 | D        | Found a glowing silver altar of Zin.
    42 | D        | Found a basalt altar of Yredelemnul.
    42 | D        | Found a shimmering altar of Xom.
    42 | D        | Found an ornate altar of the Wu Jian Council.
    42 | D        | Found a sacrificial altar of Ru.
    42 | D        | Found a stormy altar of Qazlal.
    42 | D        | Found an iron altar of Okawaru.
    42 | D        | Found a sparkling altar of Nemelex Xobeh.
    42 | D        | Found a burning altar of Makhleb.
    42 | D        | Found a blossoming altar of Fedhas.
    42 | D        | Found a white marble altar of Elyvilon.
    42 | D        | Found a shadowy altar of Dithmenos.
    42 | D        | Found a snail-covered altar of Cheibriados.
    45 | D        | Found a corrupted altar of Lugonu.
    45 | D        | Found a radiant altar of Vehumet.
    45 | D        | Found a roughly hewn altar of Beogh.
    46 | D        | Found an ancient bone altar of Kikubaaqudgha.
    46 | D        | Found a hide-covered altar of Uskayaw.
    46 | D        | Found a broken altar of Ashenzari.
    49 | D        | Became a worshipper of Gozag Ym Sagoz the Greedy
   136 | D        | Reached XP level 2. HP: 6/27 MP: 2/2
   328 | D        | Noticed a glass eye
   328 | D        | Noticed Jessica
   353 | D        | Killed from afar by Jessica

Illustrated notes

Levels and vault maps discovered:
D:        pitsprint [storerooms_1, entrance_room_1, metal_vault_6, armoury_1,
          mini_pit_1, grid_room_1, main_hall_1, silver_pit, the_coven_1,
          the_vestibule_1, steel_vault_4, golden_pit, hallway_of_sentries,
          crystal_vault_6, iron_vault_5, final_vault]

Skill      XL: |  1 |
---------------+----+-----
Armour         | 4 |  4.6
Maces & Flails | 3 |  3.5
Fighting       | 4 |  4.1
Shields        | 4 |  4.1
Dodging        | |  0.1
Stealth        | |  0.1

Action                     || total
---------------------------++-------
  Melee: Flail             ||    42
   Stab: Distracted        ||     1
 Armour: Scale mail        ||    13
  Dodge: Dodged            ||    11
  Block: Buckler           ||     7

Table legend: (Time is in decaauts)
 A = Elapsed time spent in this place.
 B = Non-inter-level travel time spent in this place.
 C = Inter-level travel time spent in this place.
 D = Time resting spent in this place.
 E = Time spent auto-exploring this place.
 F = Levels seen in this place.
 G = Mean time per level.
                   A        B        C        D        E       F      G
               +--------+--------+--------+--------+--------+-----+--------+
         Total |    365 |    365 |      0 |    209 |      0 |   1 |  365.0 |
       Dungeon |    365 |    365 |      0 |    209 |      0 |   1 |  365.0 |
               +--------+--------+--------+--------+--------+-----+--------+

Top non-repeatable levels by time:
       D: 365 daAuts
